[Event "ICC tourney 1953 (60 10)"]
[Site "Internet Chess Club"]
[Date "2020.08.07"]
[Round "1"]
[White "lmperatorX"]
[Black "Jupiter435"]
[Result "1-0"]
[ICCResult "Black resigns"]
[WhiteElo "2135"]
[BlackElo "2347"]
[Opening "Caro-Kann: classical variation"]
[ECO "B18"]
[NIC "CK.10"]
[Time "12:21:17"]
[TimeControl "3600+10"]

1. e4 c6 2. d4 d5 3. Nc3 dxe4 4. Nxe4 Bf5 5. Ng3 Bg6 6. Nf3 Nd7 7. Bd3 e6 8.
O-O Ngf6 9. c4 Be7 10. b3 c5 11. Bxg6 hxg6 12. Bb2 cxd4 13. Nxd4 a6 14. Qe2
Qc7 15. Rfd1 Rd8 16. a3 Nc5 17. Rab1 O-O 18. b4 Na4 19. Ba1 Nb6 20. Rbc1 Rd7
21. c5 Nbd5 22. Nf3 Nf4 23. Qc2 Rxd1+ 24. Rxd1 N6d5 25. Be5 Qc8 26. Ne4 Rd8
27. g3 Nh5 28. Nfd2 f5 29. Nc3 Nxc3 30. Bxc3 Qd7 31. Re1 Qd3 32. Qxd3 Rxd3
33. Re3 Rxe3 34. fxe3 Nf6 35. Nc4 Nd5 36. Bd4 Bd8 37. Kf2 g5 38. g4 Bc7 39.
h3 Kf7 40. Kf3 Nf6 41. Be5 Bxe5 42. Nxe5+ Ke8 43. Nc4 fxg4+ 44. hxg4 Kd7 45.
Ne5+ Kc7 46. Nf7 Nh7 47. Ke4 Nf6+ 48. Kf3 Nh7 49. Nd6 Nf6 50. e4 Kc6 51. Nf7
a5 52. Nxg5 axb4 53. axb4 e5 54. Ne6 Kb5 55. Nxg7 Kxb4 56. g5 Nh7 57. Ne6
Nxg5+ 58. Nxg5 Kxc5 59. Ke3 Kd6 60. Nf7+ Ke6 61. Nd8+ Kd7 62. Nxb7 Kc6 63.
Na5+ Kb5 64. Nb3 Kc4 65. Nd2+ Kc5 66. Nf3 Kd6 67. Kd3 Ke6 68. Kc4 Kd6 69.
Ng5 Ke7 70. Kd5 Kf6 71. Nf3 Ke7 72. Nxe5 Kf6 73. Nc6 Kf7 74. e5 Ke8 75. e6
Kf8 76. Kd6 Ke8 77. Ne5 Kd8 78. e7+ Ke8 79. Ng4 Kf7 80. Kd7 {Black resigns}
1-0

[Event "ICC tourney 1953 (60 10)"]
[Site "Internet Chess Club"]
[Date "2020.08.07"]
[Round "1"]
[White "londonkid"]
[Black "sahilmd"]
[Result "0-1"]
[ICCResult "White checkmated"]
[WhiteElo "2119"]
[BlackElo "2420"]
[Opening "Queen's Indian: old main line, 7.Nc3"]
[ECO "E18"]
[NIC "QI.10"]
[Time "12:21:07"]
[TimeControl "3600+10"]

1. d4 Nf6 2. c4 e6 3. Nf3 b6 4. g3 Bb7 5. Bg2 Be7 6. O-O O-O 7. Nc3 Ne4 8.
Bd2 f5 9. Qc2 d6 10. Ne1 d5 11. cxd5 exd5 12. Nd3 Bf6 13. Nf4 Re8 14. Nxe4
fxe4 15. Bh3 Qd6 16. Be3 Na6 17. Rac1 c6 18. a3 Nc7 19. Nh5 Bd8 20. f3 g6
21. Bf4 Qe7 22. fxe4 gxh5 23. Be5 Ne6 24. Rf5 c5 25. Rxh5 Ng5 26. Bf5 Qf7
27. Rh6 Rxe5 28. dxe5 Qg7 29. Rd6 Qxe5 30. Rd7 Bc6 31. Bxh7+ Nxh7 32. Rxh7
Bg5 33. Rf1 Be3+ 34. Kg2 d4 35. Rh4 Qe6 36. Rf3 Re8 37. e5 Re7 38. Kf1 Bxf3
39. exf3 Rf7 40. Qe4 Qf5 41. Rg4+ Kh7 42. Rh4+ Kg8 43. Rg4+ Kh7 44. Rh4+ Bh6
45. Qxf5+ Rxf5 46. f4 Kg6 47. Ke2 c4 48. e6 d3+ 49. Kd2 Bf8 50. Rh8 Kg7 51.
Rh4 b5 52. Rg4+ Kh7 53. Rh4+ Kg6 54. Rg4+ Kf6 55. Rg8 Kxe6 56. Rg6+ Rf6 57.
Rg5 Rf5 58. Rg6+ Kd5 59. Ra6 Rf7 60. h4 Bc5 61. Rg6 Re7 62. Rg5+ Kd4 63. h5
Re2+ 64. Kd1 Rxb2 65. h6 c3 66. Ke1 d2+ 67. Ke2 Rb1 68. h7 d1=Q+ 69. Kf2
Ke4+ 70. Kg2 Qh1# {White checkmated} 0-1

[Event "ICC tourney 1953 (60 10)"]
[Site "Internet Chess Club"]
[Date "2020.08.07"]
[Round "1"]
[White "tangent"]
[Black "rjc64uk"]
[Result "1-0"]
[ICCResult "Black resigns"]
[WhiteElo "2306"]
[BlackElo "2082"]
[Opening "Old Indian: main line"]
[ECO "A55"]
[NIC "OI.01"]
[Time "12:22:00"]
[TimeControl "3600+10"]

1. d4 Nf6 2. c4 d6 3. Nc3 Nbd7 4. Nf3 e5 5. e4 Be7 6. Be2 O-O 7. O-O c6 8.
Qc2 a6 9. Be3 b5 10. a3 bxc4 11. Bxc4 Qc7 12. h3 d5 13. Bd3 Bd6 14. exd5
cxd5 15. dxe5 Nxe5 16. Be2 Bb7 17. Nd4 Nc4 18. Bg5 Be5 19. Rfd1 Rac8 20.
Rac1 Qb6 21. Na4 Qa7 22. Nf5 Bc6 23. Bxc4 Bxa4 24. Qxa4 Rxc4 25. Rxc4 dxc4
26. Qxc4 Bxb2 27. Rd6 Nd7 28. Ne7+ Kh8 29. Qd3 Nf6 30. Nf5 Qc5 31. Rxa6 Be5
32. Ra4 Rb8 33. Rh4 Qd5 34. Qc2 Rd8 35. Ne3 Qd3 36. Qxd3 Rxd3 37. Ra4 h6 38.
Ra8+ Kh7 39. Bxf6 Bxf6 40. Kf1 Be7 41. a4 Bb4 42. Ke2 Ra3 43. Nc2 Ra2 44.
Kd3 Bd6 45. g3 Bc5 46. Kc3 Ba3 47. a5 Bc1 48. a6 Ra5 49. Nb4 Ba3 50. Kb3
Bxb4 51. Kxb4 Ra1 52. Kb5 Rb1+ 53. Kc6 g6 54. Rd8 Ra1 55. Kb7 Rb1+ 56. Ka7
Kg7 57. Rd6 Rb2 58. Rb6 Rxf2 59. Kb7 Ra2 60. a7 Rxa7+ 61. Kxa7 h5 62. Ka6
Kh6 63. h4 Kg7 64. Kb5 Kh6 65. Kc4 Kg7 66. Kd4 Kh6 67. Ke4 Kg7 68. Kf4 Kh6
69. Ra6 Kg7 70. Kg5 Kh7 71. Kf6 {Black resigns} 1-0

[Event "ICC tourney 1953 (60 10)"]
[Site "Internet Chess Club"]
[Date "2020.08.07"]
[Round "1"]
[White "binomialfactor"]
[Black "Visam"]
[Result "0-1"]
[ICCResult "White resigns"]
[WhiteElo "2204"]
[BlackElo "2623"]
[Opening "Grünfeld: exchange variation"]
[ECO "D85"]
[NIC "GI.03"]
[Time "12:21:14"]
[TimeControl "3600+10"]

1. d4 Nf6 2. c4 g6 3. Nc3 d5 4. cxd5 Nxd5 5. Bd2 Bg7 6. Rc1 Nb6 7. e3 O-O 8.
Nf3 N8d7 9. Be2 c6 10. O-O e5 11. Qc2 exd4 12. exd4 Nf6 13. Rcd1 Re8 14.
Rfe1 Bf5 15. Qc1 Nfd5 16. Bh6 Qd6 17. Bxg7 Kxg7 18. Ne5 f6 19. Nc4 Nxc4 20.
Bxc4 Nb6 21. Bb3 a6 22. h3 h5 23. Rxe8 Rxe8 24. d5 c5 25. Bc2 Bxc2 26. Qxc2
f5 27. Qc1 Nd7 28. Re1 Rxe1+ 29. Qxe1 Qe5 30. Qxe5+ Nxe5 31. Kf1 Nd3 32. b3
Kf6 33. Ke2 Nf4+ 34. Kf3 Ke5 35. Na4 Nd3 36. Ke3 Ne1 37. Nxc5 Nxg2+ 38. Kf3
Ne1+ 39. Ke2 Nc2 40. Nxb7 Kxd5 41. Kf3 g5 42. Na5 Nb4 43. a4 Nc2 44. h4 Nd4+
45. Kg2 g4 46. b4 f4 47. Nb7 Kc4 48. b5 axb5 49. axb5 Nxb5 50. Nd8 Kd5 51.
Nf7 Nd4 52. Nh8 Nf3 53. Ng6 Ke4 54. Kh1 Kf5 55. Ne7+ Kf6 56. Nc6 Nxh4 57.
Kh2 Nf3+ 58. Kh1 Kf5 59. Ne7+ Ke4 60. Ng8 Ke5 61. Nh6 Ke6 62. Ng8 Nd4 63. f3
Nf5 64. fxg4 hxg4 65. Kg2 Kf7 {White resigns} 0-1

[Event "ICC tourney 1953 (60 10)"]
[Site "Internet Chess Club"]
[Date "2020.08.07"]
[Round "1"]
[White "PawnEatingZombi"]
[Black "VerdeNotte"]
[Result "1/2-1/2"]
[ICCResult "Game drawn because neither player has mating material"]
[WhiteElo "2279"]
[BlackElo "2747"]
[Opening "King's Indian: Semi-Averbakh system"]
[ECO "E73"]
[NIC "KI.27"]
[Time "12:21:14"]
[TimeControl "3600+10"]

1. d4 Nf6 2. c4 g6 3. Nc3 Bg7 4. e4 d6 5. Be2 O-O 6. Be3 e5 7. d5 Na6 8. g4
Nc5 9. f3 c6 10. h4 h5 11. g5 Nfd7 12. Qd2 a5 13. Nh3 a4 14. Kf2 cxd5 15.
cxd5 f5 16. Kg2 Qa5 17. Qc2 fxe4 18. fxe4 Rf7 19. Rhf1 Rxf1 20. Rxf1 a3 21.
b3 Qd8 22. b4 Na6 23. Qb3 Nc7 24. Nf2 Bf8 25. Nd3 Be7 26. Ne1 Nf8 27. Nc2
Nh7 28. Nxa3 Nxg5 29. hxg5 Bxg5 30. Ncb5 Nxb5 31. Nxb5 Rxa2 32. Rf2 Ra1 33.
Rf1 Rxf1 34. Kxf1 Bf4 35. Bxf4 exf4 36. e5 dxe5 37. d6+ Kf8 38. Qd5 Qh4 39.
Bc4 Bh3+ 40. Ke2 Bg4+ 41. Kd2 Qf2+ 42. Kc3 Qe1+ 43. Kb2 Qf2+ 44. Ka1 Qe1+
45. Kb2 Qxb4+ 46. Ka1 Qe1+ 47. Kb2 Qf2+ 48. Ka1 Kg7 49. d7 Qe1+ 50. Kb2 Qb4+
51. Ka1 Bxd7 52. Qxd7+ Kh6 53. Nd6 Qe1+ 54. Kb2 h4 55. Qe6 Kh5 56. Nf7 Qf2+
57. Kb3 Qg3+ 58. Ka4 f3 59. Nxe5 h3 60. Nxf3 h2 61. Nxh2 Qxh2 62. Be2+ Kg5
63. Qe3+ Kf6 64. Qf3+ Ke5 65. Qg4 Qh6 66. Kb5 g5 67. Qg3+ Kf6 68. Qd6+ Kg7
69. Qxh6+ Kxh6 70. Kb6 g4 71. Bxg4 Kg7 72. Kxb7
{Game drawn because neither player has mating material}
1/2-1/2

[Event "ICC tourney 1953 (60 10)"]
[Site "Internet Chess Club"]
[Date "2020.08.07"]
[Round "1"]
[White "Volkov"]
[Black "KRIPRI"]
[Result "1-0"]
[ICCResult "Black resigns"]
[WhiteElo "2623"]
[BlackElo "2194"]
[Opening "QGD Slav defense"]
[ECO "D10"]
[NIC "SL.01"]
[Time "12:21:35"]
[TimeControl "3600+10"]

1. d4 d5 2. c4 c6 3. e3 Nf6 4. Nc3 a6 5. Nf3 b5 6. b3 Bg4 7. Be2 Nbd7 8. h3
Bh5 9. g4 Bg6 10. Ne5 Nxe5 11. dxe5 Ne4 12. Nxe4 Bxe4 13. f3 Bg6 14. cxd5
cxd5 15. e6 fxe6 16. Bb2 e5 17. Bxe5 e6 18. h4 Qa5+ 19. Kf2 Qb6 20. h5 Bf7
21. h6 Rg8 22. Bd4 Bc5 23. Rc1 Bxd4 24. Qxd4 Qxd4 25. exd4 Kd7 26. Bd3 g6
27. Ke3 Kd6 28. f4 Be8 29. Rc5 Bd7 30. g5 Rgb8 31. a3 a5 32. Ra1 Ra7 33. Kd2
Rf8 34. Rf1 Rb8 35. Bc2 Raa8 36. Rc1 Rf8 37. Ke3 Rfb8 38. Bd3 Ra7 39. R1c2
Rab7 40. Rb2 Ra7 41. Rb1 Raa8 42. Ra1 Ra7 43. Rac1 Rab7 44. a4 bxa4 45. bxa4
Bxa4 46. Rxa5 Bd7 47. Ra6+ Ke7 48. Rca1 Rc7 49. R1a3 Rbc8 50. Rb3 Rc1 51.
Ra7 R1c7 52. Rxc7 Rxc7 53. Rb8 Be8 54. Kd2 Ra7 55. Kc1 Rc7+ 56. Kb2 Ra7 57.
Kb3 Ba4+ 58. Kb4 Be8 59. Bb5 Bxb5 60. Kxb5 Kd6 61. Kb6 Rd7 62. Rg8 Rf7 63.
Rd8+ Rd7 64. Rxd7+ Kxd7 65. Kb7 Kd6 66. Kc8 Kc6 67. Kd8 Kb5 68. Ke7 Kc4 69.
Kxe6 Kxd4 70. f5 gxf5 71. g6 hxg6 72. h7 f4 73. h8=Q+ Ke3 74. Qe5+ Kf3 75.
Qxd5+ Kg3 76. Qg5+ {Black resigns} 1-0

[Event "ICC tourney 1953 (60 10)"]
[Site "Internet Chess Club"]
[Date "2020.08.07"]
[Round "1"]
[White "Venom2020"]
[Black "justinchess"]
[Result "0-1"]
[ICCResult "White checkmated"]
[WhiteElo "2103"]
[BlackElo "2395"]
[Opening "Caro-Kann: exchange variation"]
[ECO "B13"]
[NIC "CK.02"]
[Time "12:21:17"]
[TimeControl "3600+10"]

1. e4 c6 2. d4 d5 3. exd5 cxd5 4. Bd3 Nc6 5. c3 Qc7 6. h3 Nf6 7. Nf3 g6 8.
O-O Bf5 9. Re1 Bxd3 10. Qxd3 Bg7 11. Ne5 Nd7 12. f4 Ndxe5 13. fxe5 O-O 14.
Nd2 f6 15. exf6 exf6 16. Nf3 Rae8 17. Be3 Rf7 18. Bf2 Rfe7 19. Qb5 Qd7 20.
Rxe7 Rxe7 21. Re1 Ne5 22. Qe2 Nxf3+ 23. Qxf3 Rxe1+ 24. Bxe1 Kf7 25. Bg3 Bf8
26. Qf4 a6 27. Qc7 Qxc7 28. Bxc7 Ke6 29. Kf2 h5 30. Ke2 f5 31. b3 b5 32. Kd3
g5 33. c4 dxc4+ 34. bxc4 Bd6 35. Bd8 bxc4+ 36. Kxc4 g4 37. hxg4 fxg4 38. Bh4
g3 39. d5+ Kf5 40. Kd4 Kg4 41. Bf6 h4 42. Ke4 Bc5 43. Be5 h3 44. gxh3+ Kxh3
45. d6 g2 46. d7 g1=Q 47. d8=Q Qg6+ 48. Kf3 Qg2+ 49. Kf4 Qg4# {White
checkmated} 0-1

[Event "ICC tourney 1953 (60 10)"]
[Site "Internet Chess Club"]
[Date "2020.08.07"]
[Round "1"]
[White "helavir"]
[Black "shianen"]
[Result "0-1"]
[ICCResult "White resigns"]
[WhiteElo "2611"]
[BlackElo "2231"]
[Opening "French: Tarrasch, closed variation, main line"]
[ECO "C06"]
[NIC "FR.17"]
[Time "12:21:34"]
[TimeControl "3600+10"]

1. e4 e6 2. d4 d5 3. Nd2 Nf6 4. e5 Nfd7 5. Bd3 c5 6. c3 Nc6 7. Ne2 cxd4 8.
cxd4 f6 9. exf6 Nxf6 10. Nf3 Bd6 11. O-O Qc7 12. Bd2 O-O 13. Rc1 Qb8 14. Bc3
Bd7 15. Ng3 Re8 16. Re1 e5 17. dxe5 Nxe5 18. h3 Bc6 19. Nh5 Nxh5 20. Nxe5
Nf4 21. Nxc6 bxc6 22. Qg4 Qc7 23. Bf5 Qf7 24. Bd7 Rxe1+ 25. Rxe1 Rf8 26. Bf5
g6 27. Re6 h5 28. Rxg6+ Nxg6 29. Qxg6+ Qxg6 30. Bxg6 h4 31. Kf1 c5 32. b3
Bg3 33. Be1 Kg7 34. Bd3 Rf7 35. Ke2 Re7+ 36. Kd1 Bf4 37. Bc3+ Be5 38. Bd2
Bf6 39. Bf4 Rd7 40. Bf5 Rd8 41. Bc7 Re8 42. Bd3 c4 43. Bf5 c3 44. Bf4 d4 45.
Bd3 a5 46. Bc7 Ra8 47. a4 Ra7 48. Bb6 Rb7 49. Bxa5 Rxb3 50. Bc7 Rb2 51. Kc1
Rxf2 52. a5 Bg5+ 53. Kb1 Rb2+ 54. Ka1 c2 55. Be5+ Kf7 56. Bxc2 Rxc2 57. Bxd4
Rc4 58. Bb6 Ke6 59. Kb2 Kd7 60. Kb3 Re4 61. a6 Kc6 62. a7 Kb7 63. Kc3 Re2
64. Kd3 Rxg2 65. Ke4 Ra2 66. Kf5 Kxb6 67. Kxg5 Rxa7 68. Kxh4 Kc6 69. Kg5 Kd7
70. h4 Ke7 71. Kg6 Kf8 72. h5 Kg8 {White resigns} 0-1

[Event "ICC tourney 1953 (60 10)"]
[Site "Internet Chess Club"]
[Date "2020.08.07"]
[Round "1"]
[White "dopolian"]
[Black "hydroblade"]
[Result "0-1"]
[ICCResult "White resigns"]
[WhiteElo "2322"]
[BlackElo "2111"]
[Opening "Caro-Kann: two knights, 3...Bg4"]
[ECO "B11"]
[NIC "CK.01"]
[Time "12:21:04"]
[TimeControl "3600+10"]

1. e4 c6 2. Nc3 d5 3. Nf3 Bg4 4. h3 Bxf3 5. Qxf3 e6 6. d4 dxe4 7. Nxe4 Qxd4
8. Bd3 Nd7 9. Be3 Qd5 10. Rd1 Ne5 11. Qf4 Qa5+ 12. Ke2 O-O-O 13. Bxa7 Ne7
14. Ng5 f6 15. Nxe6 Re8 16. Nxf8 Qxa7 17. Ne6 Nd5 18. Qd4 Qxd4 19. Nxd4 Nc4+
20. Kf3 Nxb2 21. Bf5+ Kc7 22. Rde1 g6 23. Be6 Nc4 24. Bxd5 cxd5 25. Rd1 Re5
26. Nb5+ Kb6 27. Nc3 Kc5 28. Kg3 Ra8 29. Rb1 Ra3 30. Rb3 d4 31. Nb1 Rxa2 32.
Rxb7 Rxc2 33. h4 d3 34. Rd7 Rd5 35. Rc7+ Kd6 36. Rxh7 d2 37. Nxd2 Rdxd2 38.
Rf1 Rc3+ 39. Kh2 Ne5 40. Rg7 Ke6 41. Kg1 Kf5 42. Ra7 Rcc2 43. Ra5 Kg4 44.
Ra4+ Kh5 45. Rf4 f5 46. g3 Nd3 47. Rd4 Rxf2 48. Rxf2 Nxf2 49. Kg2 Ne4+ 50.
Kf3 Rc3+ 51. Kf4 Rxg3 52. Rd8 Rg4+ 53. Ke5 Kxh4 54. Rh8+ Kg5 55. Rh1 Nf2 56.
Rf1 Re4+ 57. Kd5 Ng4 58. Rf3 Re3 59. Rf1 f4 60. Kd4 f3 {White resigns} 0-1

[Event "ICC tourney 1953 (60 10)"]
[Site "Internet Chess Club"]
[Date "2020.08.07"]
[Round "1"]
[White "MichaelIC"]
[Black "SilentFog"]
[Result "0-1"]
[ICCResult "White resigns"]
[WhiteElo "2132"]
[BlackElo "2452"]
[Opening "Alekhine's defense: exchange variation"]
[ECO "B03"]
[NIC "AL.08"]
[Time "12:21:21"]
[TimeControl "3600+10"]

1. e4 Nf6 2. e5 Nd5 3. d4 d6 4. c4 Nb6 5. exd6 cxd6 6. Nc3 g6 7. Be3 Bg7 8.
Rc1 O-O 9. b3 Bf5 10. Nf3 Bg4 11. Be2 d5 12. c5 Nc8 13. O-O Nc6 14. a3 a5
15. Rb1 b6 16. b4 axb4 17. axb4 bxc5 18. bxc5 e6 19. Nb5 N8e7 20. Nd6 Nf5
21. Nxf5 gxf5 22. Qd2 Bxf3 23. Bxf3 Ra4 24. Bd1 Ra8 25. Rb6 Qc8 26. Be2 f4
27. Bxf4 Nxd4 28. Bd6 Rd8 29. Bd3 e5 30. Qg5 h6 31. Qh4 e4 32. Ba6 Qf5 33.
Bb7 Bf6 34. Qxh6 Bg5 35. Qh3 Qxh3 36. gxh3 Ra2 37. Bxd5 Re2 38. Rb8 Nf3+ 39.
Kh1 Rxb8 40. Bxb8 Nd2 41. Rg1 Nf3 42. c6 Nxg1 43. c7 Rc2 44. Kxg1 e3 45. f4
e2 46. Kf2 Bh4+ {White resigns} 0-1

[Event "ICC tourney 1953 (60 10)"]
[Site "Internet Chess Club"]
[Date "2020.08.07"]
[Round "2"]
[White "Dking135799"]
[Black "Giantsmaster"]
[Result "1-0"]
[ICCResult "Black resigns"]
[WhiteElo "2289"]
[BlackElo "2096"]
[Opening "QGD Slav: exchange variation"]
[ECO "D13"]
[NIC "SL.02"]
[Time "15:24:21"]
[TimeControl "3600+10"]

1. d4 Nf6 2. Nf3 d5 3. c4 c6 4. cxd5 cxd5 5. Nc3 Nc6 6. Bf4 Qb6 7. a3 e6 8.
e3 Qxb2 9. Na4 Bb4+ 10. axb4 Qxb4+ 11. Qd2 Ne4 12. Qxb4 Nxb4 13. Rc1 Bd7 14.
Nc5 Rb8 15. Bxb8 O-O {Black resigns} 1-0

[Event "ICC tourney 1953 (60 10)"]
[Site "Internet Chess Club"]
[Date "2020.08.07"]
[Round "2"]
[White "KRIPRI"]
[Black "LW-PE"]
[Result "1-0"]
[ICCResult "Black resigns"]
[WhiteElo "2197"]
[BlackElo "1585"]
[Opening "Queen's pawn: London system"]
[ECO "A45"]
[NIC "QP.07"]
[Time "15:24:25"]
[TimeControl "3600+10"]

1. d4 Nf6 2. Bf4 e6 3. e3 d5 4. Nf3 Bd6 5. Nbd2 O-O 6. Bd3 Nbd7 7. Bxd6 cxd6
8. O-O e5 9. Be2 Re8 10. c4 Nb6 11. cxd5 exd4 12. Nxd4 Nbxd5 13. Rc1 Bf5 14.
Nxf5 {Black resigns} 1-0

[Event "ICC tourney 1953 (60 10)"]
[Site "Internet Chess Club"]
[Date "2020.08.07"]
[Round "2"]
[White "chessmagic22"]
[Black "fredericton"]
[Result "1-0"]
[ICCResult "Black resigns"]
[WhiteElo "2333"]
[BlackElo "2210"]
[Opening "Giuoco Pianissimo"]
[ECO "C55"]
[NIC "IG.01"]
[Time "15:24:25"]
[TimeControl "3600+10"]

1. e4 e5 2. Nf3 Nc6 3. Bc4 Nf6 4. d3 Bc5 5. c3 d6 6. Bb3 Be6 7. O-O O-O 8.
h3 h6 9. Re1 Qd7 10. Nbd2 Rae8 11. Bc2 a6 12. Nf1 d5 13. exd5 Bxd5 14. Ng3
Bb6 15. Be3 Bxe3 16. Rxe3 Bxf3 17. Qxf3 Nd5 18. Ree1 Re6 19. Ne4 Rg6 20. Nc5
Qd8 21. Nxb7 Qd7 22. d4 Rf6 23. Qe4 g6 24. Nc5 Qd8 25. Bb3 Nce7 26. dxe5 Rc6
27. Nd3 Kg7 28. Rad1 {Black resigns} 1-0

[Event "ICC tourney 1953 (60 10)"]
[Site "Internet Chess Club"]
[Date "2020.08.07"]
[Round "2"]
[White "Mookmookarmy"]
[Black "Ajitesh20091"]
[Result "1-0"]
[ICCResult "Black checkmated"]
[WhiteElo "2247"]
[BlackElo "1867"]
[Opening "Two knights defense"]
[ECO "C56"]
[NIC "KP.02"]
[Time "15:26:39"]
[TimeControl "3600+10"]

1. e4 e5 2. Nf3 Nc6 3. d4 exd4 4. Bc4 Nf6 5. O-O Nxe4 6. Nc3 dxc3 7. Bxf7+
Kxf7 8. Qd5+ Ke8 9. Re1 Qf6 10. Bg5 Qf7 11. Qxe4+ Ne7 12. Re3 cxb2 13. Rae1
b1=R 14. Rxb1 d5 15. Qh4 Bf5 16. Ne5 Qe6 17. Qa4+ c6 18. Rxb7 d4 19. Re1 Rd8
20. Qxa7 Nc8 21. Qa5 Rd5 22. Qc7 Be7 23. Bxe7 d3 24. cxd3 Qxe7 25. Qxc6+ Kf8
26. Rxe7 Nxe7 27. Qa8+ Bc8 28. Nc6 Nxc6 29. Qxc8+ Nd8 30. Qc7 g6 31. Qe7+
Kg8 32. Qf6 Re5 33. Rxe5 Ne6 34. Rxe6 h6 35. Re8+ Kh7 36. Rxh8#
{Black checkmated}
1-0

[Event "ICC tourney 1953 (60 10)"]
[Site "Internet Chess Club"]
[Date "2020.08.07"]
[Round "2"]
[White "GolddenPig"]
[Black "StayCalm"]
[Result "0-1"]
[ICCResult "White checkmated"]
[WhiteElo "1825"]
[BlackElo "2204"]
[Opening "Sicilian: Canal-Sokolsky attack, Sokolsky variation"]
[ECO "B52"]
[NIC "SI.01"]
[Time "15:24:18"]
[TimeControl "3600+10"]

1. e4 c5 2. Nf3 d6 3. Bb5+ Bd7 4. Bxd7+ Qxd7 5. c4 g6 6. Nc3 Bg7 7. O-O Nc6
8. Qe2 Nf6 9. Rd1 Nh5 10. d3 O-O 11. Be3 Nd4 12. Bxd4 cxd4 13. Nb1 Nf4 14.
Qd2 Qg4 15. Ne1 Bh6 16. f3 Qh4 17. Qf2 Nh3+ 18. gxh3 Be3 19. Qxe3 dxe3 20.
Nc3 Qf2+ 21. Kh1 Qf1# {White checkmated} 0-1

[Event "ICC tourney 1953 (60 10)"]
[Site "Internet Chess Club"]
[Date "2020.08.07"]
[Round "2"]
[White "jsl1996"]
[Black "jasonm04"]
[Result "1-0"]
[ICCResult "Black resigns"]
[WhiteElo "2625"]
[BlackElo "2271"]
[Opening "Nimzo-Indian: 4.e3, Botvinnik system"]
[ECO "E49"]
[NIC "NI.08"]
[Time "15:24:37"]
[TimeControl "3600+10"]

1. d4 e6 2. c4 Nf6 3. Nc3 Bb4 4. e3 O-O 5. Bd3 d5 6. a3 Bxc3+ 7. bxc3 c5 8.
cxd5 exd5 9. Ne2 b6 10. O-O Ba6 11. f3 Bxd3 12. Qxd3 Re8 13. Ng3 Nc6 14. Bb2
cxd4 15. cxd4 Rc8 16. Rad1 Na5 17. e4 Nc4 18. Bc1 b5 19. e5 Nd7 20. f4 f6
21. Qf3 Nf8 22. exf6 gxf6 23. f5 Re7 24. Bh6 Rf7 25. Nh5 Rcc7 26. Rd3
{Black resigns}
1-0

[Event "ICC tourney 1953 (60 10)"]
[Site "Internet Chess Club"]
[Date "2020.08.07"]
[Round "2"]
[White "olomi007"]
[Black "dabbindino"]
[Result "1-0"]
[ICCResult "Black resigns"]
[WhiteElo "2665"]
[BlackElo "2294"]
[Opening "Sicilian: Scheveningen, classical main line"]
[ECO "B41"]
[NIC "SI.41"]
[Time "15:24:24"]
[TimeControl "3600+10"]

1. e4 c5 2. Nf3 e6 3. d4 cxd4 4. Nxd4 Nf6 5. Nc3 Nc6 6. Be2 Qc7 7. Be3 a6 8.
O-O Be7 9. f4 d6 10. Qe1 O-O 11. Qg3 Nxd4 12. Bxd4 b5 13. a3 Bb7 14. Rae1 d5
15. exd5 Bc5 16. Rd1 Bxd4+ 17. Rxd4 Nxd5 18. Nxd5 Bxd5 19. f5 Qxc2 20. f6 g6
21. Qe3 g5 22. Rxd5 {Black resigns} 1-0

[Event "ICC tourney 1953 (60 10)"]
[Site "Internet Chess Club"]
[Date "2020.08.07"]
[Round "2"]
[White "GGuseinov"]
[Black "funplaychess"]
[Result "1-0"]
[ICCResult "Black resigns"]
[WhiteElo "2719"]
[BlackElo "2365"]
[Opening "Sicilian: closed"]
[ECO "B23"]
[NIC "SI.44"]
[Time "15:24:28"]
[TimeControl "3600+10"]

1. e4 c5 2. Nc3 d6 3. Bb5+ Nd7 4. d4 cxd4 5. Qxd4 a6 6. Bxd7+ Bxd7 7. Nge2
Nf6 8. Bg5 e6 9. O-O-O Be7 10. Bxf6 gxf6 11. f4 Qa5 12. Kb1 Rc8 13. Qd3 h5
14. Nd4 b5 15. f5 b4 16. fxe6 fxe6 17. Nce2 Rg8 18. g3 Qa4 19. e5 fxe5 20.
Qh7 Rf8 21. b3 Qa5 22. Qg6+ Kd8 23. Nxe6+ Bxe6 24. Qxe6 Qc5 25. Rd2 Rf6 26.
Qg8+ Kd7 27. Qh7 Rcf8 28. Rhd1 Rf1 29. Qxh5 Kd8 30. Nf4 R1xf4 31. gxf4 Rxf4
32. Rd5 Qc3 33. Qh8+ Kd7 34. Qxe5 Qxe5 35. Rxe5 Rf2 36. Ra5 Rxh2 37. Rxa6
Rh4 38. Ra7+ Kd8 39. Ra4 Kc7 40. a3 bxa3 41. Rxh4 Bxh4 42. Ka2 Be7 43. Kxa3
d5+ 44. Ka4 Kc6 45. Rg1 Bd6 46. Rg6 Kc5 47. b4+ Kc6 48. b5+ Kc5 49. Rxd6
Kxd6 50. Ka5 {Black resigns} 1-0

[Event "ICC tourney 1953 (60 10)"]
[Site "Internet Chess Club"]
[Date "2020.08.07"]
[Round "2"]
[White "kurumania"]
[Black "jy2020"]
[Result "1-0"]
[ICCResult "Black resigns"]
[WhiteElo "2543"]
[BlackElo "2241"]
[Opening "QGD: Ragozin variation"]
[ECO "D38"]
[NIC "NI.27"]
[Time "15:24:07"]
[TimeControl "3600+10"]

1. d4 Nf6 2. c4 e6 3. Nf3 d5 4. Nc3 Bb4 5. Qa4+ Nc6 6. e3 O-O 7. Bd2 Re8 8.
Rd1 Bd7 9. Qc2 a6 10. a3 Bf8 11. h3 h6 12. Bc1 Qe7 13. Ne5 Red8 14. Bd3 dxc4
15. Nxc4 Be8 16. O-O Nd5 17. b4 f6 18. Bb2 Bf7 19. Ne4 Qe8 20. Rd2 b5 21.
Na5 Nxa5 22. bxa5 Bd6 23. Rc1 Qe7 24. Nc5 e5 25. Nb7 Re8 26. Nxd6 cxd6 27.
Be4 f5 28. Bxd5 Bxd5 29. dxe5 Qf7 30. exd6 Rad8 31. Qc7 Rd7 32. Qxd7 Qxd7
33. Rxd5 Qe6 34. Re5 Qg6 35. d7 Rxe5 36. Bxe5 Qg5 37. Rc8+ Kh7 38. d8=Q
{Black resigns}
1-0

[Event "ICC tourney 1953 (60 10)"]
[Site "Internet Chess Club"]
[Date "2020.08.07"]
[Round "2"]
[White "ChessDex"]
[Black "Oligarkh"]
[Result "0-1"]
[ICCResult "White resigns"]
[WhiteElo "2265"]
[BlackElo "2654"]
[Opening "Caro-Kann: Panov-Botvinnik attack, 5...e6"]
[ECO "B14"]
[NIC "CK.03"]
[Time "15:24:23"]
[TimeControl "3600+10"]

1. e4 c6 2. d4 d5 3. exd5 cxd5 4. c4 Nf6 5. Nc3 e6 6. Nf3 Be7 7. cxd5 exd5
8. Bd3 Bg4 9. h3 Bh5 10. Qa4+ Nc6 11. Ne5 Qb6 12. Nxc6 bxc6 13. O-O O-O 14.
b3 Bb4 15. Ne2 Rae8 16. Be3 Bxe2 17. Bxe2 Ne4 18. Rac1 Re6 19. Bd3 f5 20.
Bxe4 fxe4 21. Kh1 Rg6 22. a3 Be7 23. Rc3 Qb7 24. Bd2 Qd7 25. f4 h5 26. Rfc1
Rff6 27. b4 Bd8 28. Qa6 c5 29. Qe2 cxd4 30. Rc8 Rc6 31. R8xc6 Rxc6 32. Rxc6
Qxc6 33. Qxh5 e3 {White resigns} 0-1

[Event "ICC tourney 1953 (60 10)"]
[Site "Internet Chess Club"]
[Date "2020.08.07"]
[Round "2"]
[White "InfernoKing"]
[Black "phoenix10q72"]
[Result "0-1"]
[ICCResult "White resigns"]
[WhiteElo "2113"]
[BlackElo "2272"]
[Opening "Sicilian: Najdorf, Adams attack"]
[ECO "B90"]
[NIC "SI.14"]
[Time "15:24:16"]
[TimeControl "3600+10"]

1. e4 c5 2. Nf3 d6 3. d4 cxd4 4. Nxd4 Nf6 5. Nc3 a6 6. h3 e5 7. Nde2 h5 8.
g3 Be7 9. Bg2 b5 10. O-O Bb7 11. a3 Nbd7 12. Be3 Rc8 13. b3 Nc5 14. Bxc5
Rxc5 15. Qd3 O-O 16. Rad1 Qc7 17. Qe3 Rc8 18. Rd3 Bc6 19. Nc1 a5 20. b4 axb4
21. axb4 Rc4 22. N1a2 Qb7 23. Re1 h4 24. Kh2 Qc7 25. Bf1 Nxe4 26. Nxe4 Rxe4
27. Qd2 Rxe1 28. Qxe1 e4 29. Ra3 d5 30. Qe3 hxg3+ 31. fxg3 Qe5 32. c3 Qg5
33. Qxg5 Bxg5 34. Ra5 Rb8 35. Ra6 Be8 36. h4 Bd2 37. Bh3 e3 38. Bg4 Rd8 39.
Kg2 f6 40. Kf1 Bg6 41. Ke2 d4 42. cxd4 Rxd4 43. Ra8+ Kh7 44. Ra3 Rxg4 45.
Nc3 Rxb4 46. Nd5 Bh5+ 47. Kd3 Rg4 48. Nf4 Bf7 49. Ke4 e2 50. Kf5 Rxf4+ 51.
gxf4 e1=Q 52. Ra6 Bg6+ 53. Kg4 Qe2+ 54. Kg3 Qe3+ 55. Kh2 Qxf4+ 56. Kg1 Be3+
57. Kg2 {White resigns} 0-1